AoeStats
← Generation Kill

Nomad

509595451Analyzed
4v4 RM · 6d ago on Sep 27, 2026· 42m 42s· 8 players
Game mode
Random Map
Map size
231×231
Population
200
Speed
Normal
Resources
Standard
Victory
Conquest
Starting age
Dark Age
Ending age
Imperial Age
RankedLock teamsTeams togetherTeam positionsShared explorationLock speedFull tech treeHidden civsTurbo modeCheats
Victory
Defeat
🇹🇼 Italians · Taiwan
1245
+14
🇨🇳 Chinese · China
1204
+16
🇹🇼 Huns · Taiwan
1179
+17
🇹🇼 Varangians · Taiwan
1154
+18
🇭🇰 Spanish · Hong Kong SAR China
1237
-17
🇫🇮 Danes · Finland
1235
-18
🇸🇪 Varangians · Sweden
1187
-16
1150
-14
Maple
4:21 Loom
13:35 Feudal Age
17:51 Castle Age
17:13 Fishing Lines
19:51 Double-Bit Axe
21:29 Scale Barding Armor
21:34 Forging
22:15 Fletching
23:10 Bodkin Arrow
24:19 Medium Warships
26:38 Gillnets
27:03 Padded Archer Armor
28:30 Clinker Construction
28:30 Careening
28:42 Ballistics
29:10 Bow Saw
29:38 Ballistics
28:59 Treadmill Crane
29:22 Horse Collar
31:25 Stone Mining
31:37 Heavy Plow
33:09 Wheelbarrow
36:14 Imperial Age
34:25 Murder Holes
35:09 Gold Mining
35:54 Stone Shaft Mining
35:36 Leather Archer Armor
35:47 Masonry
37:21 Silk Road
38:08 Chemistry
37:09 Bracer
37:39 Ring Archer Armor
36:56 Crossbowman
38:21 Conscription
38:01 Arbalester
39:14 Thumb Ring
39:47 Ring Archer Armor
Meteor
12:26 Loom
17:47 Feudal Age
18:16 Fishing Lines
24:15 Castle Age
24:32 Double-Bit Axe
25:10 Fletching
32:29 Gillnets
39:55 Scale Barding Armor
Speechless
5:04 Loom
15:05 Feudal Age
20:49 Castle Age
19:12 Double-Bit Axe
19:52 Scale Barding Armor
21:22 Forging
21:09 Horse Collar
22:12 Scale Barding Armor
25:08 Chain Barding Armor
25:40 Gold Mining
28:51 Town Watch
29:42 Wheelbarrow
30:01 Bloodlines
30:27 Iron Casting
30:24 Bow Saw
35:49 Hand Cart
41:19 Husbandry
42:23 Town Patrol
Inklimus
3:47 Loom
14:02 Feudal Age
19:02 Castle Age
18:18 Double-Bit Axe
19:09 Wheelbarrow
20:16 Bow Saw
19:51 Horse Collar
23:36 Scale Barding Armor
23:42 Forging
25:46 Bloodlines
31:09 Husbandry
32:00 Chain Barding Armor
32:15 Iron Casting
36:24 Imperial Age
36:27 Capped Ram
38:30 Plate Barding Armor
38:32 Heavy Scorpion
39:29 Cavalier
41:18 Conscription
42:50 Squires
42:12 Man-at-Arms
43:56 Blast Furnace
42:56 Scale Mail Armor
ocheda
7:17 Loom
16:51 Feudal Age
20:51 Castle Age
20:43 Double-Bit Axe
24:08 Bow Saw
26:57 Wheelbarrow
31:44 Imperial Age
30:05 Scale Barding Armor
SirBro
4:50 Loom
13:41 Feudal Age
20:57 Castle Age
19:54 Fishing Lines
22:21 Medium Warships
29:17 Scale Mail Armor
29:27 Forging
30:40 Chain Mail Armor
32:27 Iron Casting
34:16 Arson
40:05 Squires
39:50 Gambesons
Generation Kill
8:32 Loom
13:25 Feudal Age
14:01 Town Watch
18:01 Castle Age
16:29 Fletching
17:31 Double-Bit Axe
18:15 Fishing Lines
19:51 Bow Saw
20:19 Gillnets
20:50 Gold Mining
26:57 Wheelbarrow
33:42 Imperial Age
31:16 Stone Mining
31:53 Squires
31:58 Scale Mail Armor
32:09 Forging
33:21 Chain Mail Armor
34:16 Iron Casting
34:08 Elite Varangian Guard
35:23 Plate Mail Armor
35:18 Ballistics
37:37 Blast Furnace
38:32 Conscription
37:33 Gothikon
40:34 Bodkin Arrow
41:43 Chemistry
41:45 Bracer
炒馒头比蒸的香
5:19 Loom
13:28 Feudal Age
14:44 Fishing Lines
16:56 Stone Mining
17:39 Town Watch
20:23 Castle Age
18:32 Double-Bit Axe
21:47 Wheelbarrow
21:24 Bow Saw
22:13 Medium Warships
22:00 Gillnets
24:14 Fletching
31:00 Scale Mail Armor
30:50 Horse Collar
40:05 Heavy Plow
Connection lost

Rejoining the realm…

Still unreachable

The connection could not be restored.

Session expired

The server has moved on; the page needs a fresh start.